 Dungeon Crawl Stone Soup version 0.26-a0-28-gc929df5 (webtiles) character file.

Game seed: 18231986631069488663, levelgen mode: deterministic

1325 Firecrotchwizard the Basher (level 8, -7/81 HPs)
             Began as a Troll Berserker on May 28, 2020.
             Was a Priest of Trog.
             Mangled by an ogre
             ... wielding a +0 giant club
              (17 damage)
             ... on level 7 of the Dungeon.
             The game lasted 00:11:07 (5189 turns).

Firecrotchwizard the Basher (Troll Berserker)       Turns: 5189, Time: 00:11:08

Health: -7/81      AC:  8    Str: 26    XL:     8   Next: 34%
Magic:  16/16      EV: 10    Int:  5    God:    Trog [***...]
Gold:   395        SH:  0    Dex:  9    Spells: 7/7 levels left

rFire    . . .     SeeInvis .   a - +1 mace
rCold    . . .     Gourm    +   (no shield)
rNeg     . . .     Faith    +   b - +0 animal skin
rPois    .         Spirit   .   (helmet restricted)
rElec    .         Reflect  .   f - +1 cloak
rCorr    .         Harm     .   (gloves unavailable)
MR       .....                  (boots unavailable)
Stlth    +.........             i - amulet of faith {Faith, !P}
HPRegen  0.63/turn              (no ring)
MPRegen  0.15/turn              p - ring of magical power {MP+9}

@: berserk cooldown, slowed, very slow
A: large, unfitting armour, claws 3, fast metabolism 3, gourmand, regeneration
1, shaggy fur 1, tough skin 3
a: Berserk, Trog's Hand, Renounce Religion


You were on level 7 of the Dungeon.
You worshipped Trog.
Trog was most pleased with you.
You were very full.

You visited 1 branch of the dungeon, and saw 7 of its levels.

You collected 395 gold pieces.

Inventory:

Hand Weapons
 a - a +1 mace (weapon)
Armour
 b - a +0 animal skin (worn)
 f - a +1 cloak (worn)
   (You found it on level 1 of the Dungeon)
 g - a scarf of harm
   (You found it on level 4 of the Dungeon)
Jewellery
 i - an amulet of faith (around neck) {Faith, !P}
   (You found it on level 5 of the Dungeon)
 m - an uncursed ring of fire {rF+, rC-}
   (You found it on level 3 of the Dungeon)
 p - a ring of magical power (right claw) {MP+9}
   (You found it on level 3 of the Dungeon)
Scrolls
 e - 6 scrolls of remove curse
 o - a scroll of teleportation
 q - a scroll of identify
 s - a scroll of magic mapping {!r}
Potions
 d - 3 potions of berserk rage {!q}
 h - 3 potions of heal wounds
 j - 2 potions of brilliance {unknown}
 k - 4 potions of mutation {!q}
 l - 2 potions of curing {unknown}
 n - a potion of flight {unknown}
 r - a potion of degeneration {unknown}
Comestibles
 c - 9 rations


   Skills:
 + Level 5.4 Fighting
 * Level 8.1 Maces & Flails
 - Level 2.4 Dodging


You had 7 spell levels left.
You didn't know any spells.
Your spell library was empty.

Dungeon Overview and Level Annotations

Branches:
Dungeon (7/15)             Temple (0/1) D:6

Altars:
Cheibriados
Elyvilon
Fedhas
Nemelex Xobeh
Okawaru
Qazlal
Trog
Uskayaw
Xom
The Shining One

Annotations:
D:2 Grinder
D:3 1 runed translucent door, Crazy Yiuf
D:4 2 transporters, fletch1014's ghost, amateur DsFE


Innate Abilities, Weirdness & Mutations

You are too large for most types of armour.
You have claws for hands.
Your metabolism is lightning-fast.
You like to eat raw meat.
Your natural rate of healing is unusually fast.
You are covered in fur. (AC +1)
You have extremely tough skin. (AC +3)


Message History

An orc wizard comes into view. It is wielding a +0 dagger.
An orc wizard is nearby!
An orc wizard is nearby!
An orc warrior comes into view. It is wielding a +0 mace.
An orc comes into view.
The orc wizard gestures wildly while chanting.
The orc wizard seems to speed up.
Found a stone staircase leading up.
You hit the orc.
The orc wizard mumbles some strange words.
The orc wizard blinks!
A red film seems to cover your vision as you go berserk!
You feel yourself moving faster!
You feel mighty! The orc barely misses you.
The orc warrior hits you with a +0 mace.
You now have 116/120 hp.
You closely miss the orc warrior. The orc hits you.
You take 1 damage, and have 115/120 hp.
You sock the orc warrior! The orc warrior completely misses you.
You hit the orc warrior but do no damage.
The orc barely misses you.
You barely miss the orc warrior. You sock the orc!
You kill the orc!
Trog accepts your kill.
You sock the orc wizard!
The orc wizard gestures wildly while chanting.
The orc wizard blinks!
An orc wizard comes into view.
It is wielding a +1 dagger of electrocution.
The orc warrior hits you with a +0 mace.
You take 4 damage, and have 113/120 hp.
You sock the orc warrior!
The orc wizard hits you with a +1 dagger of electrocution.
You take 1 damage, and have 112/120 hp.
You closely miss the orc warrior. The orc warrior barely misses you.
The orc wizard hits you but does no damage.
You are electrocuted!
You take 16 damage, and have 96/120 hp.
You sock the orc warrior!
You kill the orc warrior!
Trog accepts your kill.
You bludgeon the orc wizard!!
You kill the orc wizard!
Trog accepts your kill.
Trog appreciates your killing of a magic user.
A sky beast comes into view.
The orc wizard hits you but does no damage.
You thump the orc wizard!
The orc wizard hits you but does no damage.
You barely miss the orc wizard.
An ogre comes into view. It is wielding a +0 giant club.
You closely miss the orc wizard. The orc wizard closely misses you.
You closely miss the orc wizard.
The orc wizard hits you but does no damage.
You miss the orc wizard. You hit the orc wizard.
The orc wizard points at you and mumbles some strange words.
You resist with some effort.
You barely miss the orc wizard.
The sentinel's mark upon you fades away.
The orc wizard closely misses you.
You closely miss the orc wizard. You thump the orc wizard!
You kill the orc wizard!
Trog accepts your kill.
Trog appreciates your killing of a magic user.
You sock the sky beast!
The sky beast hits you but does no damage.
You hit the sky beast.
The sky beast hits you but does no damage.
You closely miss the sky beast.
You are no longer berserk.
You are exhausted.
You feel yourself slow down. The ogre hits you with a +0 giant club.
You now have 63/80 hp.
You sock the sky beast!
The sky beast hits you but does no damage.
The ogre hits you but does no damage. The sky beast closely misses you.
You closely miss the sky beast. The sky beast hits you.
The sky beast shocks you. The ogre misses you.
You take 9 damage, and have 55/80 hp.
You sock the sky beast! The sky beast barely misses you.
The ogre barely misses you. The sky beast hits you. The sky beast shocks you.
You take 5 damage, and have 50/80 hp.
You hit the sky beast.
You kill the sky beast!
Trog accepts your kill.
Your Maces & Flails skill increases to level 8!
The ogre barely misses you.
You barely miss the ogre. The ogre hits you with a +0 giant club!
You take 15 damage, and have 36/81 hp.
You hit the ogre. The ogre hits you with a +0 giant club!
An orc comes into view.
You take 11 damage, and have 25/81 hp.
You hit the ogre. The ogre hits you with a +0 giant club!
* * * LOW HITPOINT WARNING * * *
The ogre closely misses you.
You take 16 damage, and have 9/81 hp.
You thump the ogre! The ogre hits you with a +0 giant club!
You die...

### ########## #.. #........#
#.. #........# #.. #........#
#.. #........# . #..
#........#
....##)######..###.####
......)@)......#####..#
......O....#..........# #..
...........+..........# ....
#..#<..........#...########
... #..#........o..#...###.#
.. #..#...........#.(.(...#
.#####..####+#......#.......#
.#.......+...#......#.......#
.#.......#...#......'(......#


You could see an ogre and an orc.

Vanquished Creatures
  An orc warrior (D:7)
  An ice beast (D:7)
  A phantom (D:4)
  3 sky beasts
  An ogre (D:7)
  2 bullfrogs
  2 scorpions
  A howler monkey (D:5)
  A crimson imp (D:7)
  2 bullfrog zombies
  A centaur skeleton (D:4)
  2 orc wizards (D:7)
  A bullfrog skeleton (D:4)
  2 worker ants
  2 hound skeletons
  2 worker ant zombies
  4 adders
  A gnoll (D:7)
  An adder zombie (D:4)
  A worm (D:4)
  A dart slug (D:2)
  4 leopard geckos
  7 orcs
  3 ball pythons
  7 giant cockroaches
  7 goblins
  4 hobgoblins
  3 jackals (D:7)
  A quokka (D:6)
  5 bats
  6 frilled lizards
  10 kobolds
  A quokka skeleton (D:6)
  5 rats
96 creatures vanquished.

Vanquished Creatures (others)
  A worker ant (D:4)
  2 orcs (D:4)
  A giant cockroach (D:4)
  A jackal (D:4)
  A quokka (D:4)
6 creatures vanquished.

Grand Total: 102 creatures vanquished

Notes
Turn   | Place    | Note
-------+----------+-------------------------------------------
     0 | D:1      | Firecrotchwizard the Troll Berserker began the quest for
                  | the Orb.
     0 | D:1      | Reached XP level 1. HP: 22/22 MP: 0/0
   530 | D:1      | Reached skill level 3 in Maces & Flails
   597 | D:1      | Reached XP level 2. HP: 29/29 MP: 1/1
  1083 | D:2      | Found a snail-covered altar of Cheibriados.
  1106 | D:2      | Found a stormy altar of Qazlal.
  1171 | D:2      | Found a glowing golden altar of the Shining One.
  1305 | D:3      | Reached XP level 3. HP: 36/36 MP: 2/2
  1447 | D:3      | Noticed Grinder
  1453 | D:3      | Reached skill level 3 in Fighting
  1466 | D:3      | Paralysed by Grinder for 4 turns
  1467 | D:3      | HP: 9/37 [Grinder (5)]
  1473 | D:3      | Paralysed by Grinder for 6 turns
  1493 | D:3      | Paralysed by Grinder for 2 turns
  1626 | D:3      | Reached ** piety under Trog
  1648 | D:3      | Found a runed translucent door.
  1649 | D:3      | Noticed Crazy Yiuf
  1750 | D:3      | Reached skill level 4 in Maces & Flails
  1800 | D:3      | Reached XP level 4. HP: 43/45 MP: 3/3
  1977 | D:4      | Found a transporter.
  1982 | D:4      | Found a transporter.
  2093 | D:4      | Noticed fletch1014's ghost (amateur DsFE)
  2163 | D:4      | Found a blossoming altar of Fedhas.
  2213 | D:4      | Noticed a phantom
  2216 | D:4      | Reached XP level 5. HP: 53/53 MP: 4/4
  2230 | D:4      | Found a shimmering altar of Xom.
  2259 | D:4      | Killed a phantom
  2259 | D:4      | Reached skill level 5 in Maces & Flails
  2373 | D:4      | Found a white marble altar of Elyvilon.
  2476 | D:4      | Found a sparkling altar of Nemelex Xobeh.
  2817 | D:4      | Reached XP level 6. HP: 62/62 MP: 5/5
  2879 | D:5      | Entered Level 5 of the Dungeon
  3478 | D:5      | Found a bloodstained altar of Trog.
  3827 | D:5      | Found a hide-covered altar of Uskayaw.
  3918 | D:6      | Reached skill level 4 in Fighting
  4153 | D:6      | Noticed a sky beast
  4166 | D:6      | Killed a sky beast
  4166 | D:6      | Reached skill level 6 in Maces & Flails
  4210 | D:6      | Reached XP level 7. HP: 66/71 MP: 6/6
  4401 | D:6      | Found a staircase to the Ecumenical Temple.
  4765 | D:7      | Reached skill level 7 in Maces & Flails
  4979 | D:7      | Reached skill level 5 in Fighting
  4979 | D:7      | Reached XP level 8. HP: 80/80 MP: 7/7
  5063 | D:7      | Found an iron altar of Okawaru.
  5185 | D:7      | Reached *** piety under Trog
  5185 | D:7      | Reached skill level 8 in Maces & Flails
  5188 | D:7      | HP: 9/81 [ogre/+0 giant club (17)]
  5189 | D:7      | Mangled by an ogre

Illustrated notes

Levels and vault maps discovered:
D:1:      dpeg_arrival_water_fire, layout_loops_corners
D:2:      layout_rooms, grunt_qazlal_sundering, lemuel_coloured_pillars_altar,
          kennysheep_slug_shrine
D:3:      layout_rooms, first_ration, uniq_crazy_yiuf_cottage, uniq_grinder
D:4:      layout_loops_ring, lemuel_round_altar, xom_confusion_cloud,
          elyvilon_altar_3, overflow_temple_1_default,
          gammafunk_ghost_stat_death, kennysheep_cluttered_room,
          chequers_garden, hangedman_abyss_or_decor_stagger
D:5:      layout_basic, lightli_temple_of_fire, kennysheep_mini_moat
D:6:      layout_cave_pools, minmay_temple_entry_large_hall, serial_rivers,
          chequers_serial_rivers_small_3, chequers_serial_rivers_room_b,
          chequers_serial_rivers_small_a, chequers_serial_rivers_small_b,
          chequers_serial_rivers_large_b, chequers_serial_rivers_room_b,
          kennysheep_nondescript
D:7:      layout_gridville, okawaru_altar_gauntlet_db, lemuel_blue_sif_altar

Skill      XL: |  1  2  3  4  5  6  7  8 |
---------------+-------------------------+-----
Maces & Flails | 3 4 5 6 7 8 |  8.1
Fighting       | 3 4 5 |  5.4
Dodging        | |  2.4

Action                   |  1- 3 |  4- 6 |  7- 9 || total
-------------------------+-------+-------+-------++-------
Melee: Mace              |   127 |   161 |   122 ||   410
Invok: Berserk           |     1 |       |     2 ||     3
  Use: Potion            |     2 |       |       ||     2
       Scroll            |       |    12 |       ||    12
  Eat: Chunk             |    23 |    16 |    10 ||    49
       Ration            |       |       |     2 ||     2
Armor: Animal skin       |    67 |    60 |    49 ||   176
Dodge: Dodged            |    95 |    88 |    57 ||   240

Table legend:
 A = Non-vault XP
 B = Vault XP
 C = Vault XP percentage of total XP
 D = Non-vault monster count
 E = Vault monster count
 F = Vault count percentage of total count
                 A         B        C        D         E       F
            +---------+---------+-------+---------+---------+-------
      Total |    1742 |     152 |   8.0 |      88 |       8 |   8.3
            +---------+---------+-------+---------+---------+-------
        D:1 |      18 |       0 |   0.0 |      11 |       0 |   0.0
        D:2 |      17 |       4 |  19.0 |      12 |       1 |   7.7
        D:3 |      69 |       0 |   0.0 |      18 |       0 |   0.0
        D:4 |     149 |     124 |  45.4 |      13 |       1 |   7.1
        D:5 |      99 |       0 |   0.0 |       7 |       0 |   0.0
        D:6 |     365 |       0 |   0.0 |      10 |       0 |   0.0
        D:7 |    1025 |      24 |   2.3 |      17 |       6 |  26.1
            +---------+---------+-------+---------+---------+-------

Levels and vault maps discovered:
D:1:      dpeg_arrival_water_fire, layout_loops_corners
D:2:      layout_rooms, grunt_qazlal_sundering, lemuel_coloured_pillars_altar,
          kennysheep_slug_shrine
D:3:      layout_rooms, first_ration, uniq_crazy_yiuf_cottage, uniq_grinder
D:4:      layout_loops_ring, lemuel_round_altar, xom_confusion_cloud,
          elyvilon_altar_3, overflow_temple_1_default,
          gammafunk_ghost_stat_death, kennysheep_cluttered_room,
          chequers_garden, hangedman_abyss_or_decor_stagger
D:5:      layout_basic, lightli_temple_of_fire, kennysheep_mini_moat
D:6:      layout_cave_pools, minmay_temple_entry_large_hall, serial_rivers,
          chequers_serial_rivers_small_3, chequers_serial_rivers_room_b,
          chequers_serial_rivers_small_a, chequers_serial_rivers_small_b,
          chequers_serial_rivers_large_b, chequers_serial_rivers_room_b,
          kennysheep_nondescript
D:7:      layout_gridville, okawaru_altar_gauntlet_db, lemuel_blue_sif_altar

Table legend:
 A = Turns spent in this place as a percentage of turns spent in the entire game.
 B = Non-inter-level travel turns spent in this place as a percentage of non-inter-level travel turns spent in the entire game.
 C = Inter-level travel turns spent in this place as a percentage of turns spent in this place.
 D = Turns resting spent in this place as a percentage of non-inter-level travel turns spent in this place.
 E = Turns spent auto-exploring this place as a percentage of non-inter-level travel turns spent in this place.
 F = Non-inter-level travel turns spent in this place divided by the number of levels of this place that you've seen.
                   A       B       C       D       E      F
               +-------+-------+-------+-------+-------+----------------------
         Total | 100.0 | 100.0 |   4.0 |   9.7 |  73.8 | 711.6
       Dungeon | 100.0 | 100.0 |   4.0 |   9.7 |  73.8 | 711.6
               +-------+-------+-------+-------+-------+----------------------

Table legend:
 A = Kills in this place as a percentage of kills in entire the game.
 B = Kills by you in this place as a percentage of kills by you in the entire game.
 C = Kills by friends in this place as a percentage of kills by friends in the entire game.
 D = Other kills in this place as a percentage of other kills in the entire game.
 E = Experience gained in this place as a percentage of experience gained in the entire game.
 F = Experience gained in this place divided by the number of levels of this place that you have seen.
                   A       B       C       D       E      F
               +-------+-------+-------+-------+-------+----------------------
         Total | 100.0 | 100.0 |   N/A |   N/A | 100.0 | 270.6
       Dungeon | 100.0 | 100.0 |   N/A |   N/A | 100.0 | 270.6
               +-------+-------+-------+-------+-------+----------------------
